 Dungeon Crawl Stone Soup version 0.22-a0-224-g8cf3520 (webtiles) character file.

17 sunny1234 the Gusty (level 2, -2/15 HPs)
             Began as a Tengu Air Elementalist on Feb 20, 2018.
             Slain by a jackal (3 damage)
             ... on level 1 of the Dungeon.
             The game lasted 00:02:09 (529 turns).

sunny1234 the Gusty (Tengu Air Elementalist)         Turns: 529, Time: 00:02:10

Health: -2/15      AC:  2    Str:  8    XL:     2   Next: 62%
Magic:  0/6        EV: 13    Int: 15    God:
Gold:   49         SH:  0    Dex: 14    Spells: 4/5 levels left

rFire    . . .     SeeInvis .   (no weapon)
rCold    . . .     Gourm    .   (no shield)
rNeg     . . .     Faith    .   a - +0 robe
rPois    .         Spirit   .   (helmet restricted)
rElec    .         Reflect  .   (no cloak)
rCorr    .         Harm     .   (no gloves)
MR       .....                  (boots unavailable)
Stlth    ++........             (no amulet)
HPRegen  0.05/turn              (no ring)
MPRegen  0.10/turn              (no ring)

@: very slightly contaminated
A: beak, talons 3
a: no special abilities


You were on level 1 of the Dungeon.
You were not hungry.

You visited 1 branch of the dungeon, and saw 1 of its levels.

You collected 49 gold pieces.

Inventory:

Armour
 a - a +0 robe (worn)
Scrolls
 c - a scroll of remove curse {unknown}
Comestibles
 b - a ration
 d - 4 chunks of flesh


   Skills:
 + Level 2.5 Dodging
 - Level 2.0 Stealth
 + Level 2.2 Spellcasting
 + Level 2.0 Conjurations
 + Level 4.3 Air Magic


You had 4 spell levels left.
You knew the following spells:

 Your Spells              Type           Power        Failure   Level  Hunger
a - Shock                 Conj/Air       ##..         6%          1    #......


Dungeon Overview and Level Annotations

Branches:
Dungeon (1/15)

Altars:


Innate Abilities, Weirdness & Mutations

You have a beak for a mouth.
You have claws for feet.


Message History

The jackal is heavily wounded.
The jackal bites you.
* * * LOW HITPOINT WARNING * * *
The jackal barely misses you.
You closely miss the jackal. Your kick misses the jackal.
The jackal is heavily wounded.
The jackal bites you but does no damage.
The jackal misses you. The jackal barely misses you.
You closely miss the jackal. You peck the jackal.
The jackal is severely wounded.
The jackal misses you. The jackal closely misses you. x2
You barely miss the jackal.
The jackal is severely wounded.
The jackal closely misses you.
The jackal bites you but does no damage.
The jackal barely misses you.
You barely miss the jackal. You peck the jackal, but do no damage.
The jackal is severely wounded.
The jackal misses you. The jackal closely misses you. The jackal bites you.
You die...

####..#.#.##..#.#...###.≈.##.≈.≈.
..............#.#...≈..≈≈≈..≈≈≈≈≈
#####.#.#..#..#.'.....≈≈≈≈≈≈≈≈≈≈≈
# #.#.......#.'.≈..≈≈≈≈≈≈≈≈≈≈≈≈ #
#..####.#.#.#.≈≈≈≈≈≈P≈≈≈≈P≈≈≈ #
##.# #...#.#...≈..PP≈≈≈≈≈P≈≈ #..
......#...≈.≈.PPP≈≈≈PP≈ #..#
####################### #..#
#@h............. ###.#
######h######.###.... .....
..#.)hw.....#.# ?
....##.#h##.####.#.# ...#.#.##.#
#.hh# ######.#.#.##'###...h.
#.........h....##......
#.......###h...##.......
#.......###....##........


You could see a dart slug and 3 jackals.

Vanquished Creatures
  A dart slug (D:1)
  2 bats (D:1)
  5 jackals (D:1)
  2 kobolds (D:1)
  2 goblins (D:1)
  2 rats (D:1)
14 creatures vanquished.

Notes
Turn   | Place    | Note
-------+----------+-------------------------------------------
     0 | D:1      | sunny1234 the Tengu Air Elementalist began the quest for the Orb.
     0 | D:1      | Reached XP level 1. HP: 10/10 MP: 4/4
   306 | D:1      | Reached XP level 2. HP: 15/15 MP: 4/6
   529 | D:1      | Slain by a jackal

Vault maps used:
D:1:      lightli_arrival_windingriver

Skill      XL: |  1  2 |
---------------+-------+-----
Conjurations   | 2 |  2.0
Dodging        | |  2.5
Stealth        | |  2.0
Spellcasting   | |  2.2
Air Magic      | |  4.3

Action                   || total
-------------------------++-------
Melee: Unarmed           ||    14
       Kick              ||     2
       Peck              ||     2
 Cast: Shock             ||    23
Armor: Robe              ||     9
Dodge: Dodged            ||    30

Table legend:
 A = Spawn XP
 B = Non-spawn XP
 C = Spawn XP percentage of total XP
 D = Spawn monster count
 E = Non-spawn monster count
 F = Spawn count percentage of total count
 G = Total turns spent on level
                    A         B        C        D         E        F      G
               +---------+---------+-------+---------+---------+-------+---------
         Total |       0 |      25 |   0.0 |       0 |      14 |   0.0 |   529
               +---------+---------+-------+---------+---------+-------+---------
           D:1 |       0 |      25 |   0.0 |       0 |      14 |   0.0 |   529
               +---------+---------+-------+---------+---------+-------+---------
